 Dungeon Crawl Stone Soup version 0.24-a0-317-g5cb8de4 (webtiles) character file.

Game seed: 12450047729338476854

318 Borgoz the Slasher (level 6, -6/52 HPs)
             Began as a Hill Orc Gladiator on May 16, 2019.
             Mangled by Pikel
             ... wielding a +2 whip of electrocution
              (10 damage)
             ... on level 4 of the Dungeon.
             The game lasted 00:05:11 (3129 turns).

Borgoz the Slasher (Hill Orc Gladiator)             Turns: 3129, Time: 00:05:12

Health: -6/52      AC:  8    Str: 17    XL:     6   Next: 45%
Magic:  6/6        EV: 11    Int:  8    God:
Gold:   147        SH:  0    Dex: 14    Spells: 5/5 levels left

rFire    . . .     SeeInvis .   a - +0 long sword
rCold    . . .     Gourm    .   (no shield)
rNeg     + . .     Faith    .   j - +0 scale mail
rPois    .         Spirit   .   n - +0 helmet
rElec    .         Reflect  .   h - +0 cloak
rCorr    .         Harm     .   (no gloves)
MR       .....                  (no boots)
Stlth    ..........             (no amulet)
HPRegen  0.17/turn              p - ring of positive energy
MPRegen  0.10/turn              (no ring)

@: flying, very slightly contaminated, invisible
A: no striking features
a: no special abilities


You were on level 4 of the Dungeon.
You were hungry.

You visited 1 branch of the dungeon, and saw 4 of its levels.

You collected 147 gold pieces.

Inventory:

Hand Weapons
 a - a +0 long sword (weapon)
Missiles
 d - 4 throwing nets (quivered)
Armour
 h - a +0 cloak (worn)
 j - a +0 scale mail (worn)
 n - a +0 helmet (worn)
Jewellery
 p - a ring of positive energy (left hand)
Wands
 m - a wand of random effects (12)
Scrolls
 b - a scroll of amnesia {unknown}
 e - 3 scrolls of remove curse {unknown}
 i - a scroll of immolation {unknown}
 k - 4 scrolls of identify {unknown}
Comestibles
 f - 7 rations
 g - 9 chunks of flesh


   Skills:
 + Level 4.2 Fighting
 * Level 4.9 Long Blades
 - Level 2.8 Throwing
 + Level 1.2 Armour
 * Level 3.7 Dodging


You had 5 spell levels left.
You didn't know any spells.
Your spell library was empty.

Dungeon Overview and Level Annotations

Branches:
Dungeon (4/15)
 Temple: D:4-7

Altars:
Elyvilon
Trog
Vehumet
Yredelemnul

Annotations:
D:4 Pikel


Message History

Pikel hits you but does no damage.
Unknown command.
Evoke which item? (* to show all) (? for menu, Esc to quit)
Aiming: Random Effects
Press: ? - help, Shift-Dir - straight line, f/p - Pikel
Aim: Pikel, wielding a +2 whip of electrocution and wearing a +0 robe (lightly wounded)
Okay, then.
It was a potion of flight.
You feel very buoyant.
You fly up into the air.
Pikel closely misses you.
It was a potion of curing.
You feel better.
Pikel hits you with a +2 whip of electrocution.
You are electrocuted!
* * * LOW HITPOINT WARNING * * *
Some of the chunks of flesh in your inventory have rotted away.
There is a stone staircase leading up here.
Pikel hits you with a +2 whip of electrocution.
* * * LOW HITPOINT WARNING * * *
You are electrocuted!
You die...

########################
..p..p.p..$....)<.......
########.pK.....).......
#.##@..####......
#.##...# .##### #.##...#
# #.##.?.# ..##...#
####.... #...## ....#


You could see Pikel and 3 slaves.

Vanquished Creatures
  An ogre (D:3)
  Jessica (D:2)
  Natasha (twice) (D:2)
  Robin (D:2)
  4 adders (D:3)
  A worm (D:2)
  3 dart slugs
  A leopard gecko (D:1)
  7 orcs
  2 ball pythons
  10 bats
  3 giant cockroaches
  16 goblins
  5 hobgoblins
  5 jackals (D:1)
  A quokka (D:3)
  2 frilled lizards
  10 kobolds
  A quokka skeleton (D:4)
  5 rats
81 creatures vanquished.

Vanquished Creatures (others)
  Natasha (D:2)
  An adder (D:2)
2 creatures vanquished.

Grand Total: 83 creatures vanquished

Notes
Turn   | Place    | Note
-------+----------+-------------------------------------------
     0 | D:1      | Borgoz the Hill Orc Gladiator began the quest for the Orb.
     0 | D:1      | Reached XP level 1. HP: 18/18 MP: 1/1
   164 | D:1      | Reached XP level 2. HP: 19/25 MP: 2/2
   995 | D:2      | Noticed Jessica
  1002 | D:2      | Noticed Robin
  1005 | D:2      | Reached XP level 3. HP: 25/30 MP: 3/3
  1241 | D:2      | Killed Jessica
  1241 | D:2      | Reached XP level 4. HP: 23/38 MP: 4/4
  1256 | D:2      | Killed Robin
  1288 | D:2      | Noticed Natasha
  1291 | D:2      | Killed Natasha
  1525 | D:2      | Found a basalt altar of Yredelemnul.
  1577 | D:2      | Found a white marble altar of Elyvilon.
  1606 | D:2      | Found a bloodstained altar of Trog.
  1698 | D:2      | Noticed Natasha
  1718 | D:2      | Killed Natasha
  1718 | D:2      | Reached XP level 5. HP: 6/46 MP: 5/5
  2030 | D:2      | Noticed Natasha
  2041 | D:2      | Killed Natasha
  2830 | D:3      | Noticed an ogre
  2846 | D:3      | Killed an ogre
  2846 | D:3      | Reached skill level 1 in Armour
  2846 | D:3      | Reached XP level 6. HP: 31/52 MP: 6/6
  2848 | D:3      | Found a radiant altar of Vehumet.
  3110 | D:4      | Noticed a slave
  3110 | D:4      | Noticed a slave
  3111 | D:4      | Noticed Pikel
  3112 | D:4      | Noticed a slave
  3113 | D:4      | Noticed a slave
  3129 | D:4      | Mangled by Pikel

Levels and vault maps discovered:
D:1:      elethiomel_arrival_shortcut, layout_basic
D:2:      layout_loops_ring, kennysheep_ying_yang, first_ration,
          trog_hazing_becter, uniq_jessica, uniq_robin, uniq_natasha
D:3:      layout_rooms, lemuel_doored_altar, minmay_close_crescents
D:4:      layout_basic, kennysheep_little_box, serial_shops, shop_fountains,
          elyvilon_altar_5, uniq_grinder, uniq_pikel

Skill      XL: |  1  2  3  4  5 |
---------------+----------------+-----
Throwing       | 2 |  2.8
Fighting       | 3 4 |  4.2
Long Blades    | 4 |  4.9
Dodging        | 3 |  3.7
Armour         | 1 |  1.2

Action                   |  1- 3 |  4- 6 || total
-------------------------+-------+-------++-------
Melee: Long sword        |    65 |   194 ||   259
Throw: Throwing net      |       |     1 ||     1
Evoke: Wand              |       |     1 ||     1
  Use: Potion            |       |     7 ||     7
 Stab: Sleeping          |     1 |       ||     1
       Invisible         |       |     2 ||     2
  Eat: Chunk             |     1 |     6 ||     7
Armor: Leather armour    |     9 |       ||     9
       Scale mail        |    31 |   109 ||   140
Dodge: Dodged            |    44 |   136 ||   180
       Rpst.: Long sword |    16 |    37 ||    53

Table legend:
 A = Non-vault XP
 B = Vault XP
 C = Vault XP percentage of total XP
 D = Non-vault monster count
 E = Vault monster count
 F = Vault count percentage of total count
                 A         B        C        D         E       F
            +---------+---------+-------+---------+---------+-------
      Total |     205 |     250 |  54.9 |      59 |      24 |  28.9
            +---------+---------+-------+---------+---------+-------
        D:1 |      32 |       0 |   0.0 |      20 |       0 |   0.0
        D:2 |      86 |     119 |  58.0 |      20 |      21 |  51.2
        D:3 |      74 |     131 |  63.9 |      14 |       3 |  17.6
        D:4 |      13 |       0 |   0.0 |       5 |       0 |   0.0
            +---------+---------+-------+---------+---------+-------
